 Dungeon Crawl Stone Soup version bcrawl-1.38.3 (webtiles) character file.

Game seed: 10861985777064227476

9749737 polpettosauro the Warrior (level 19, 0/276 HPs)
             Began as an Ogre Earth Elementalist on June 20, 2023.
             Was the Champion of Sif Muna.
             Slain by a dire elephant (17 damage)
             ... led by an ironheart beastmaster
             ... on level 1 of the Vaults on June 21, 2023.
             The game lasted 02:32:36 (40855 turns).

polpettosauro the Warrior (OgEE)                   Turns: 40855, Time: 02:32:37

Health: 0/276      AC: 31    Str: 17    XL:     19   Next: 20%
Magic:  17/38      EV: 12    Int: 29    God:    Sif Muna [******]
Gold:   2047       SH:  2    Dex: 14    Spells: 2/48 levels left

rFire    + + .     GDR:     38% B - +7 great mace "Firestarter" {inner flame, rF++}
rCold    + . .     SeeInvis +   (shield currently unavailable)
rNeg     + + +     Gourm    .   (armour currently unavailable)
rPois    ∞         Faith    .   y - +2 hat
rElec    +         Spirit   .   N - +0 cloak
rCorr    .         Reflect  +   (gloves unavailable)
MR       ++...                  (boots unavailable)
Stlth    ++........             H - amulet of the Amoeba {Reflect rN++ Dex-3 Slay+5 SH+2 SInv}
HPRegen  0.56/turn              U - ring "Yxegom" {*Contam *Drain rN+++ Int+7 Dex+8}
MPRegen  0.26/turn              V - ring "Qateuch" {rC+ MR+}

@: statue-form, very slightly contaminated, very slow
A: large, unfitting armour
}: 2/15 runes: serpentine, barnacled
a: End Transformation, Divine Energy, Channel Magic, Forget Spell, Moment of
Magic, Renounce Religion


You were on level 1 of the Vaults.
You worshipped Sif Muna.
Sif Muna was exalted by your worship.
You were hungry.
You were a stone statue.
You visited 6 branches of the dungeon, and saw 26 of its levels.
You also visited: Trove, Bailey and Volcano.

You collected 3650 gold pieces.
You spent 1603 gold pieces at shops.

Inventory:

Hand Weapons
 B - the +7 great mace "Firestarter" (weapon) {inner flame, rF++}
   (You acquired it in the Orcish Mines)

   It has been specially enchanted to surge with flame as it hits, increasing
   damage dealt by approximately one third against foes not resistant or
   susceptible to fire.
   It greatly protects you from fire.
Missiles
 b - 3633 stones (quivered)
 q - 4 throwing nets {=f}
 T - 5236 arrows
Armour
 w - a +2 robe of fire resistance (melded)
 y - a +2 hat (worn)
 N - a +0 cloak (worn)
Jewellery
 H - the amulet of the Amoeba (around neck) {Reflect rN++ Dex-3 Slay+5 SH+2 SInv}
   (You found it in a treasure trove)

   [amulet of reflection]

   It shields you and reflects attacks.
   It affects your dexterity (-3).
   It affects your accuracy and damage with ranged weapons and melee attacks
   (+5).
   It greatly protects you from negative energy.
   It lets you see invisible.
   It affects your SH (+2).
 U - the ring "Yxegom" (left hand) {*Contam *Drain rN+++ Int+7 Dex+8}
   (You found it in a treasure trove)

   [ring of intelligence]

   It affects your intelligence (+7).
   It affects your dexterity (+8).
   It renders you almost immune to negative energy.
   It causes magical contamination when unequipped.
   It causes draining when unequipped.
 V - the ring "Qateuch" (right hand) {rC+ MR+}
   (You bought it in a shop on level 3 of the Snake Pit)

   [ring of protection from magic]

   It protects you from cold.
   It affects your resistance to hostile enchantments.
Wands
 i - a wand of acid (3)
 j - a wand of scattershot (3)
 A - a wand of digging (15)
 I - a wand of flame (2)
 L - a wand of disintegration (10)
 P - a wand of clouds (8)
 Q - a wand of iceblast (14)
 S - a wand of random effects (25)
 Z - a wand of polymorph (15)
Scrolls
 g - 13 scrolls of remove curse
 k - 4 scrolls of fog
 n - 3 scrolls of teleportation
 p - 5 scrolls of amnesia
 t - 4 scrolls of enchant armour
 v - 2 scrolls of enchant weapon
 D - 4 scrolls of magic mapping
 F - 2 scrolls of immolation
 K - 3 scrolls of blinking
 O - 2 scrolls of summoning
 R - a scroll of torment
 W - 3 scrolls of fear
Potions
 a - 4 potions of haste
 c - 2 potions of berserk rage
 d - 4 potions of resistance
 f - 6 potions of agility
 h - a potion of mutation
 l - 2 potions of invisibility
 m - 4 potions of cancellation
 u - 3 potions of curing
 x - 4 potions of ambrosia
 z - a potion of might
 C - a potion of magic
 G - 2 potions of flight
 J - 2 potions of lignification
 X - 3 potions of brilliance
Miscellaneous
 o - a phial of floods (inert)
 r - a lamp of fire (inert)
 s - a sack of spiders (inert)
 M - a phantom mirror
Comestibles
 e - 12 rations {!d}
 Y - 6 chunks of flesh


   Skills:
 + Level 18.3 Fighting
 + Level 11.1 Maces & Flails
 - Level 5.0 Dodging
 - Level 1.5 Stealth
 - Level 5.2 Unarmed Combat
 - Level 15.0 Spellcasting
 - Level 5.0 Conjurations
 - Level 10.0 Summonings
 + Level 11.1 Transmutations
 + Level 14.3 Earth Magic
 + Level 6.8 Evocations


You had 2 spell levels left.
You knew the following spells:

 Your Spells              Type           Power        Failure   Level  Hunger
a - Sandblast             Erth           ######       0%          1    None
b - Summon Hydra          Summ           ######....   5%          6    ###....
d - Petrify               Tmut/Erth      #######...   1%          4    None
e - Lee's Rapid Deconstr  Erth           #######...   1%          5    None
f - Iron Shot             Conj/Erth      ######....   7%          6    ###....
g - Summon Mana Viper     Hex/Summ       ######..     8%          5    None
h - Statue Form           Tmut/Erth      #######..    1%          6    ###....
i - Sticks to Snakes      Tmut           ######..     1%          2    None
j - Summon Forest         Summ/Tloc      ######....   8%          5    None
k - Aura of Abjuration    Summ           ######....   5%          6    ###....

Your spell library contained the following spells:

 Spells                   Type           Power        Failure   Level  Hunger
 Beastly Appendage        Tmut           ######       1%          1    None
 Flame Tongue             Conj/Fire      #####        1%          1    None
 Magic Dart               Conj           ####         1%          1    None
 Passwall                 Tmut/Erth      #######.     1%          2    None
 Searing Ray              Conj           ######..     1%          2    None
 Shock                    Conj/Air       #####..      1%          2    None
 Infusion                 Chrm           ###.....     2%          1    None
 Slow                     Hex            ###.....     2%          1    None
 Static Discharge         Air            ###...       2%          1    None
 Blink                    Tloc           N/A          3%          2    None
 Corpse Rot               Necr           N/A          3%          2    None
 Ensorcelled Hibernation  Hex/Ice        ###...       3%          2    None
 Flaming Arrows           Chrm/Fire      ###.....     3%          2    None
 Song of Slaying          Chrm           ###.....     3%          2    None
 Swiftness                Chrm/Air       ###.....     3%          2    None
 Call Canine Familiar     Summ           ######..     1%          3    None
 False Image              Hex/Summ       ######..     1%          3    None
 Ignite Poison            Fire/Tmut/Pois #####...     1%          3    None
 Recall                   Summ/Tloc      N/A          1%          3    None
 Spider Form              Tmut/Pois      ###          1%          3    None
 Stone Arrow              Conj/Erth      ######       1%          3    None
 Conjure Flame            Conj/Fire      #####...     2%          3    None
 Dazzling Orbs            Conj/Hex       #####..      2%          3    None
 Summon Ice Beast         Ice/Summ       ######..     2%          4    None
 Summon Scorpions         Summ/Pois      ######..     2%          4    None
 Yara's Violent Unravell  Hex/Tmut       ######....   2%          4    None
 Irradiate                Conj/Tmut      ######....   2%          5    None
 Mephitic Cloud           Conj/Pois/Air  ####....     3%          3    None
 Bolt of Magma            Conj/Fire/Erth ######....   4%          5    None
 Confuse                  Hex            ###.....     7%          3    None
 Ozocubu's Armour         Chrm/Ice       ###.....     7%          3    None
 Regeneration             Chrm/Necr      ###.......   7%          3    None
 Spectral Weapon          Hex/Chrm       ###.....     7%          3    None
 Tukima's Dance           Hex            ###.....     7%          3    None
 Fulminant Prism          Conj/Hex       #####.....   8%          4    None
 Lightning Bolt           Conj/Air       #####...     8%          4    None
 Throw Icicle             Conj/Ice       #####...     8%          4    None
 Summon Lightning Spire   Summ/Air       ######..     8%          5    None
 Airstrike                Air            ###.......   22%         4    None
 Cause Fear               Hex            ###.......   22%         4    None
 Olgreb's Toxic Radiance  Pois           ###......    22%         4    None
 Bolt of Draining         Conj/Necr      #####.....   22%         5    None
 Monstrous Menagerie      Summ           ######....   30%         7    #####..
 Summon Greater Demon     Summ           ######....   30%         7    #####..
 Freezing Cloud           Ice/Air        ###.....     52%         5    None
 Metabolic Englaciation   Hex/Ice        ###.......   52%         5    None
 Piercing Shot            Chrm           ###.......   52%         5    None
 Silence                  Hex/Air        ###.......   52%         5    None
 Steam Barrier            Chrm/Fire      ###.......   52%         5    None
 Spellforged Servitor     Conj/Summ      ######....   65%         7    #####..
 Bolt of Cold             Conj/Ice       #####.....   77%         6    ###....
 Conjure Ball Lightning   Conj/Air       #####.....   77%         6    ###....
 Poison Arrow             Conj/Pois      #####.....   77%         6    ###....
 Haunt                    Necr/Summ      ######....   94%         7    #####..
 Orb of Destruction       Conj           ######....   94%         7    #####..
 Summon Horrible Things   Summ           ######....   94%         8    ######.
 Deflect Missiles         Chrm/Air       ###.......   98%         6    ###....
 Invisibility             Hex            ###.....     98%         6    ###....
 Ozocubu's Refrigeration  Ice            ###.......   98%         6    ###....
 Simulacrum               Ice/Necr       ###.....     98%         6    ###....
 Mana Rupture             Conj/Hex       #####.....   100%        7    #####..
 Chain Lightning          Conj/Air       #####.....   100%        8    ######.
 Time Stop                Chrm/Tloc      N/A          100%        8    ######.
 Tornado                  Tloc/Air       ###.......   100%        8    ######.


Dungeon Overview and Level Annotations

Branches:
Dungeon (12/12)            Temple (0/1) D:5            Lair (6/6) D:7
 Shoals (3/3) Lair:4        Snake (3/3) Lair:2        Slime (0/5) Lair:5
    Orc (1/1) D:10            Elf (0/3) Orc          Vaults (1/3) D:11
 Depths (0/5) D:12
  Crypt: Vaults:1-2

Altars:
Ashenzari
Fedhas
Gozag
Kikubaaqudgha
Lugonu
Makhleb
Qazlal
Ru
Sif Muna
Vehumet
Wu Jian
Xom
Yredelemnul
Zin
The Shining One
Jiyva

Shops:
D:9 (   Orc %[(*(   Snake:1 ?   Snake:3 *}=}


Innate Abilities, Weirdness & Mutations

You are too large for most types of armour.
((You have tough skin. (AC +1)))


Message History

You hold your ground!
The dire elephant trunk-slaps you but does no damage.
The dire elephant tramples you but does no damage.
The dire elephant closely misses you.
The freezing wraith is engulfed in blazing flames.
The freezing wraith closely misses your water elemental.
The freezing wraith hits your water elemental!
Your water elemental hits the freezing wraith!
The freezing wraith is destroyed!
Sif Muna accepts your kill.
Okay, then.
As you read the scroll of fear, it crumbles to dust.
You assume a fearsome visage.
The dire elephant resists with almost no effort. x3
Your water elemental is unaffected.
The orb spider easily resists.
The dire elephant tramples you!
* * * LOW HITPOINT WARNING * * *
You hold your ground!
The dire elephant closely misses you. The dire elephant tramples you!
You die...

#########
#8YYE...##
##Y§○☼...##
##§§°§°..##
##☼s§§...##
##°.§§...##
##°°§....##
##.○.....#
######§######
#.........#


You could see 3 dire elephants, an orb spider shaped shifter and a friendly
water elemental.

Vanquished Creatures
  Frances (D:11)
  Jorgrun (Snake:3)
  2 krakens (Shoals:2)
  A sphinx (Lair:2)
  Donald (Snake:2)
  3 nagarajas
  A storm dragon (shapeshifter) (Snake:3)
  Roxanne (Shoals:2)
  A frost giant (Shoals:3)
  An orc warlord (Bailey)
  An emperor scorpion (D:12)
  2 ironheart preservers (Vaults:1)
  A stone giant (Shoals:2)
  A dire elephant (D:12)
  2 merfolk javelineers (Shoals:3)
  2 fire dragons
  11 merfolk impalers
  2 rakshasas
  An ice dragon (Lair:6)
  12 naga warriors
  An alligator snapping turtle (Shoals:3)
  3 hydras (D:12)
  9 anacondas
  A death knight (D:12)
  3 death yaks
  An alligator (Lair:5)
  A merfolk aquamancer (Shoals:3)
  A satyr (Shoals:3)
  9 two-headed ogres
  4 ogre magi
  9 shock serpents
  An ironheart beastmaster (Vaults:1)
  5 naga sharpshooters (Snake:3)
  14 sea snakes
  4 salamander mystics
  2 centaur warriors
  A skeletal warrior (D:12)
  A hell knight (Volcano)
  A lindwurm (Lair:6)
  9 naga ritualists
  3 deep elf archers (Vaults:1)
  A swamp dragon (Lair:5)
  A wolf spider zombie (D:12)
  9 harpies
  2 ugly things
  6 cyclopes
  An ironheart convoker (Vaults:1)
  2 mana vipers
  4 anaconda skeletons (Lair:2)
  4 orc knights
  6 manticores
  3 deep elf magi
  A salamander (shapeshifter) (Snake:3)
  33 salamanders
  3 elephants (Lair:5)
  2 merfolk sirens
  9 naga magi
  16 black mambas
  A vault sentinel (Vaults:1)
  3 gargoyles
  2 guardian serpents
  2 water nymphs
  4 torpor snails (Lair:6)
  10 cane toads
  8 rime drakes
  5 yaktaurs
  3 freezing wraiths
  An efreet (D:10)
  9 komodo dragons
  A guardian mummy (D:11)
  5 trolls
  A harpy zombie (D:12)
  22 merfolk
  6 hornets (Lair:6)
  4 harpy skeletons
  4 tyrant leeches (Lair:6)
  2 polar bears
  A queen bee (D:12)
  15 blink frogs
  3 slime creatures
  5 wind drakes
  2 meliai zombies
  5 dream sheep (Lair:6)
  10 snapping turtles
  16 hippogriffs
  4 shadows (D:12)
  6 hogs (D:11)
  11 wyverns
  12 water elementals
  A wraith (D:11)
  Eustachio (D:6)
  23 yaks
  7 basilisks
  A wyvern (shapeshifter) (D:11)
  A hungry ghost (D:9)
  2 steam dragons (Lair:6)
  18 crocodiles
  31 nagas
  A warg (D:10)
  13 porcupines
  4 ice beasts
  9 water moccasins
  A hornet zombie (D:8)
  2 black bears
  A swamp drake (Lair:6)
  2 phantoms
  4 sky beasts
  23 orc warriors
  19 ogres
  2 necrophages
  20 wolves
  12 bullfrogs
  2 kobold brigands
  20 centaurs
  A wyvern zombie (D:7)
  4 scorpions
  23 killer bees
  6 wights
  5 orc priests
  An electric eel (Snake:2)
  5 crimson imps
  4 jellies
  2 lava snakes (Snake:3)
  A quasit (D:8)
  9 hounds
  A gnoll shaman (D:7)
  18 orc wizards
  A bullfrog skeleton (D:8)
  6 iguanas
  A statue (D:8)
  5 worker ants
  A killer bee zombie (D:6)
  3 hound skeletons
  A howler monkey zombie (D:9)
  8 gnolls
  12 adders
  A hound simulacrum (D:8)
  2 shadow imps
  2 oozes
  4 adder zombies
  4 adder skeletons
  5 worms
  3 dart slugs
  2 leopard geckos
  44 orcs
  4 giant cockroaches
  8 hobgoblins
  9 jackals
  A kobold (shapeshifter) (Snake:3)
  3 quokkas
  6 bats
  4 frilled lizards
  7 goblins
  A jackal zombie (D:6)
  31 kobolds
  5 rats
  2 fungi
  10 plants
  7 tentacles (Shoals:2)
920 creatures vanquished.

Vanquished Creatures (collateral kills)
  A vault guard (D:11)
  2 naga sharpshooters (Snake:1)
  An orc knight (Orc)
  A faun (Shoals:1)
  A merfolk siren (Shoals:3)
  2 manticores
  A water nymph (Shoals:2)
  A naga mage (Snake:3)
  A yaktaur (D:12)
  A freezing wraith (Vaults:1)
  A merfolk (Shoals:3)
  4 dream sheep (Shoals:2)
  4 slime creatures (D:11)
  A basilisk (D:12)
  7 orc warriors (Orc)
  3 ogres (Orc)
  A centaur (Orc)
  An orc wizard (Orc)
  7 orcs (Orc)
41 creatures vanquished.

Vanquished Creatures (others)
  Kirke (D:11)
  A mana viper (Snake:1)
  A human (D:11)
  A naga (Snake:3)
  A kobold (D:11)
  48 fungi
  60 plants
  2 snaplasher vines (Orc)
  12 tentacles (Shoals:2)
127 creatures vanquished.

Grand Total: 1088 creatures vanquished

Notes
Turn   | Place    | Note
-------+----------+-------------------------------------------
     0 | D:1      | polpettosauro the Ogre Earth Elementalist began the quest
                  | for the Orb.
     0 | D:1      | Reached XP level 1. HP: 16/16 MP: 3/3
    64 | D:1      | Reached skill level 1 in Fighting
   228 | D:1      | Reached skill level 2 in Fighting
   237 | D:1      | Reached XP level 2. HP: 28/28 MP: 1/5
   547 | D:1      | Reached skill level 3 in Fighting
   721 | D:1      | Reached XP level 3. HP: 37/37 MP: 0/6
   753 | D:1      | Learned a level 2 spell: Passwall
   757 | D:1      | Learned a level 3 spell: Stone Arrow
  1134 | D:2      | Reached skill level 4 in Fighting
  1137 | D:2      | Reached XP level 4. HP: 18/49 MP: 1/7
  1267 | D:2      | Reached skill level 5 in Fighting
  1683 | D:2      | Found a glowing golden altar of the Shining One.
  2834 | D:3      | Found a shimmering blue altar of Sif Muna.
  2844 | D:3      | Reached XP level 5. HP: 41/57 MP: 2/9
  3056 | D:3      | Became a worshipper of Sif Muna the Loreminder
  3375 | D:3      | Found an ornate altar of the Wu Jian Council.
  3961 | D:3      | Learned a level 4 spell: Petrify
  4124 | D:4      | Reached XP level 6. HP: 27/66 MP: 0/12
  4562 | D:4      | Found a burning altar of Makhleb.
  4928 | D:4      | Reached * piety under Sif Muna
  5103 | D:4      | Noticed an orc warrior
  5392 | D:4      | Killed an orc warrior
  5393 | D:4      | Reached skill level 5 in Spellcasting
  5393 | D:4      | Reached XP level 7. HP: 72/72 MP: 1/14
  5534 | D:4      | Found a glowing silver altar of Zin.
  5534 | D:4      | Found an opulent altar of Gozag.
  5710 | D:4      | Learned a level 5 spell: Lee's Rapid Deconstruction
  5711 | D:5      | Entered Level 5 of the Dungeon
  5711 | D:5      | Found a staircase to the Ecumenical Temple.
  5843 | D:4      | Reached skill level 5 in Earth Magic
  6310 | D:5      | Found a shattered altar of Ashenzari.
  6333 | D:5      | Reached ** piety under Sif Muna
  6403 | D:5      | Identified Sif Muna's Handbook of Creative Darkness (Sif
                  | Muna gifted it to you on level 5 of the Dungeon)
  6403 | D:5      | Received a gift from Sif Muna
  6469 | D:5      | Found a blossoming altar of Fedhas.
  6529 | D:5      | Found a stormy altar of Qazlal.
  6529 | D:5      | Found a corrupted altar of Lugonu.
  6592 | D:5      | Reached XP level 8. HP: 80/80 MP: 1/17
  6658 | D:5      | Found a basalt altar of Yredelemnul.
  7471 | D:6      | Got a polished hand axe
  7589 | D:6      | Reached *** piety under Sif Muna
  7600 | D:6      | Noticed Eustachio
  8371 | D:6      | Found a shimmering altar of Xom.
  8486 | D:6      | Killed Eustachio
  8601 | D:6      | Reached **** piety under Sif Muna
  8830 | D:6      | Reached XP level 9. HP: 88/88 MP: 10/20
  9227 | D:7      | Noticed a troll
  9243 | D:7      | Killed a troll
  9393 | D:7      | Reached ***** piety under Sif Muna
  9505 | D:7      | Identified Asixtaes's Compendium of Hurtful Beguiling (Sif
                  | Muna gifted it to you on level 7 of the Dungeon)
  9505 | D:7      | Received a gift from Sif Muna
  9821 | D:7      | Reached skill level 10 in Spellcasting
  9851 | D:7      | Reached XP level 10. HP: 92/96 MP: 19/24
 10012 | D:7      | Reached skill level 10 in Earth Magic
 10172 | D:7      | Found a staircase to the Lair.
 10303 | D:7      | Reached skill level 6 in Fighting
 10353 | D:7      | Noticed a two-headed ogre
 10374 | D:7      | Killed a two-headed ogre
 10375 | D:7      | Reached skill level 7 in Fighting
 10500 | D:7      | Reached skill level 8 in Fighting
 10878 | Lair:1   | Entered Level 1 of the Lair of Beasts
 10881 | Lair:1   | Reached skill level 9 in Fighting
 11205 | Lair:1   | Reached skill level 10 in Fighting
 11622 | Lair:1   | Noticed a cane toad
 11881 | Lair:1   | Killed a cane toad
 12466 | Lair:2   | Reached XP level 11. HP: 13/117 MP: 6/25
 12699 | Lair:2   | Reached skill level 5 in Dodging
 12772 | Lair:2   | Found a dark tunnel.
 12781 | Volcano  | Entered a volcano
 12801 | Volcano  | Noticed an ogre mage
 12801 | Volcano  | Noticed a two-headed ogre
 12804 | Volcano  | Killed an ogre mage
 12804 | Volcano  | Noticed a two-headed ogre
 12805 | Volcano  | Reached ****** piety under Sif Muna
 12808 | Volcano  | Killed a two-headed ogre
 12818 | Volcano  | Killed a two-headed ogre
 12819 | Volcano  | Identified Urucvil's Catalogue of the Twisted Rocks (Sif
                  | Muna gifted it to you in a volcano)
 12819 | Volcano  | Received a gift from Sif Muna
 12867 | Volcano  | Learned a level 6 spell: Iron Shot
 12947 | Volcano  | Noticed a two-headed ogre
 12964 | Volcano  | Killed a two-headed ogre
 12965 | Volcano  | Reached skill level 1 in Conjurations
 13023 | Volcano  | Noticed a hell knight
 13053 | Volcano  | Noticed a two-headed ogre
 13060 | Volcano  | Killed a hell knight
 13078 | Volcano  | Killed a two-headed ogre
 13690 | Lair:2   | Reached skill level 5 in Conjurations
 13797 | Lair:2   | Found a staircase to the Snake Pit.
 13916 | Lair:2   | Noticed a sphinx
 13969 | Lair:3   | Reached skill level 1 in Evocations
 14155 | Lair:3   | Reached XP level 12. HP: 128/128 MP: 18/28
 14180 | Lair:3   | Reached skill level 11 in Fighting
 16002 | Lair:4   | Reached skill level 12 in Fighting
 16094 | Lair:4   | Found a staircase to the Shoals.
 16721 | Lair:5   | Noticed a death yak
 16724 | Lair:5   | Noticed a death yak
 16724 | Lair:5   | Noticed a death yak
 16736 | Lair:4   | Killed a death yak
 16822 | Lair:4   | Learned a level 5 spell: Summon Mana Viper
 16878 | Lair:5   | Reached skill level 1 in Summonings
 17067 | Lair:5   | Noticed an alligator
 17081 | Lair:5   | Killed an alligator
 17348 | Lair:5   | Found a staircase to the Slime Pits.
 17358 | Lair:5   | Found a viscous altar of Jiyva.
 17376 | Lair:5   | Reached skill level 5 in Evocations
 17505 | Lair:5   | Killed a death yak
 17506 | Lair:5   | Reached skill level 13 in Fighting
 17592 | Lair:5   | Got a bound bronze ring
 17686 | Lair:5   | Identified Uwagair's Volume of Excruciating Moulding (Sif
                  | Muna gifted it to you on level 5 of the Lair of Beasts)
 17686 | Lair:5   | Received a gift from Sif Muna
 17686 | Lair:5   | Reached XP level 13. HP: 69/144 MP: 2/29
 17697 | Lair:5   | Learned a level 6 spell: Statue Form
 18251 | Lair:6   | Entered Level 6 of the Lair of Beasts
 18254 | Lair:6   | Reached skill level 1 in Transmutations
 19477 | Lair:6   | Reached skill level 14 in Fighting
 19687 | Lair:6   | Reached skill level 5 in Summonings
 19846 | Lair:6   | Found a runed door.
 19985 | Lair:6   | Noticed an ice dragon
 19994 | Lair:6   | Killed an ice dragon
 20084 | Lair:6   | Received a gift from Sif Muna
 20526 | Lair:6   | Reached XP level 14. HP: 42/157 MP: 1/31
 21867 | D:8      | Found a flagged portal.
 21878 | Bailey   | Entered a bailey
 21886 | Bailey   | Noticed an orc warlord
 22011 | Bailey   | Found a runed gate.
 22011 | Bailey   | Found a runed gate.
 22018 | Bailey   | Found a runed gate.
 22066 | Bailey   | Identified the ring "Devacziqo" {+Fly rC+} (You found it on
                  | level 5 of the Lair of Beasts)
 22149 | Bailey   | Killed an orc warlord
 22549 | D:8      | Reached skill level 1 in Unarmed Combat
 22715 | D:8      | Found a sacrificial altar of Ru.
 22992 | D:8      | Found an ancient bone altar of Kikubaaqudgha.
 23151 | D:8      | Found a radiant altar of Vehumet.
 23520 | D:9      | Reached skill level 5 in Transmutations
 23615 | D:9      | Found Golurhin's Antique Weapon Boutique.
 24345 | D:10     | Entered Level 10 of the Dungeon
 24431 | D:10     | Identified Sif Muna's Disquisition on Calling and
                  | Transmutation (Sif Muna gifted it to you on level 10 of the
                  | Dungeon)
 24431 | D:10     | Received a gift from Sif Muna
 24470 | D:10     | Found a shimmering altar of Xom.
 24492 | D:9      | Learned a level 2 spell: Sticks to Snakes
 24680 | D:10     | Found a staircase to the Orcish Mines.
 25246 | D:11     | Learned a level 5 spell: Summon Forest
 25273 | D:11     | Noticed Kirke
 25296 | D:11     | Killed Kirke
 25581 | D:11     | Reached skill level 15 in Fighting
 25737 | D:11     | Found a gate to the Vaults.
 25814 | D:11     | HP: 4/159 [vault guard/+1 broad axe of electrocution (10)]
 26013 | D:11     | Reached XP level 15. HP: 167/167 MP: 33/33
 26071 | D:11     | Found a portal to a secret trove of treasure.
 26237 | D:11     | Noticed Frances
 26273 | D:11     | Killed Frances
 26682 | Trove    | Entered a treasure trove
 26695 | Trove    | Got a flickering silver ring
 26697 | Trove    | Got a transparent jade ring
 26701 | Trove    | Got a crude silver ring
 26722 | Trove    | Identified the ring of the Duchess {Wiz *Corrode rPois
                  | Str+4 Slay+2} (You found it in a treasure trove)
 26725 | Trove    | Identified the ring of Ocec Biam {Int+8 Dex+2 Stlth+} (You
                  | found it in a treasure trove)
 26732 | Trove    | Identified the ring "Jalijare" {rC+ Dex+4} (You found it in
                  | a treasure trove)
 26746 | Trove    | Got a bound steel ring
 26749 | Trove    | Got a scorched tin ring
 26753 | Trove    | Got a wavering bronze amulet
 26755 | Trove    | Got a brightly glowing ruby amulet
 26757 | Trove    | Got a brightly glowing golden amulet
 26759 | Trove    | Got a translucent jade amulet
 26764 | Trove    | Identified the ring "Yxegom" {*Contam *Drain rN+++ Int+7
                  | Dex+8} (You found it in a treasure trove)
 26765 | Trove    | Identified the ring of Vuclisod {*Drain rElec rC+ Str+2}
                  | (You found it in a treasure trove)
 26766 | Trove    | Identified the amulet of the Amoeba {Reflect rN++ Dex-3
                  | Slay+5 SH+2 SInv} (You found it in a treasure trove)
 26768 | Trove    | Identified the amulet of Munur {RegenMP rF+ MP+9 Str-2
                  | Slay+2} (You found it in a treasure trove)
 26770 | Trove    | Identified the amulet of Mistrust {Gourm rPois Str+2 SInv}
                  | (You found it in a treasure trove)
 26772 | Trove    | Identified the amulet of Tyarrug {Faith rC+} (You found it
                  | in a treasure trove)
 26843 | D:12     | Entered Level 12 of the Dungeon
 27334 | D:12     | Reached XP level 16. HP: 176/176 MP: 34/34
 27402 | D:12     | Identified Sif Muna's Papyrus of Creation and
                  | Self-Knowledge (Sif Muna gifted it to you on level 12 of
                  | the Dungeon)
 27402 | D:12     | Received a gift from Sif Muna
 27695 | Orc      | Entered the Orcish Mines
 28092 | D:12     | Found a staircase to the Depths.
 28985 | Orc      | Reached skill level 5 in Unarmed Combat
 29506 | Orc      | Found Rexup's Food Boutique.
 29638 | Orc      | Found a staircase to the Elven Halls.
 29699 | Orc      | Found Xedef's Weapon Emporium.
 29699 | Orc      | Found Roxzajopn's Assorted Antiques.
 29701 | Orc      | Found Sac Sudd's Weapon Boutique.
 29703 | Orc      | Found Upsiet Qazxo's Antique Armour Shoppe.
 29880 | Orc      | Bought a potion of heal wounds for 125 gold pieces
 29880 | Orc      | Bought a potion of heal wounds for 125 gold pieces
 29880 | Orc      | Bought a scroll labeled RYWEST HAG WUS for 25 gold pieces
 29880 | Orc      | Identified 2 scrolls of acquirement
 29881 | Orc      | Found the +7 great mace "Firestarter" {inner flame, rF++}
 30046 | Snake:1  | Entered Level 1 of the Snake Pit
 30052 | Snake:1  | Noticed a nagaraja
 30062 | Snake:1  | Killed a nagaraja
 30063 | Snake:1  | Reached skill level 1 in Maces & Flails
 30072 | Snake:1  | Identified Sif Muna's Papyrus of Lucky Summoning (Sif Muna
                  | gifted it to you on level 1 of the Snake Pit)
 30072 | Snake:1  | Received a gift from Sif Muna
 30073 | Snake:1  | Reached skill level 10 in Summonings
 30209 | Lair:2   | Killed a sphinx
 30634 | Snake:1  | Identified the -3 hat "Qibir" {*Drain rCorr SInv Stlth+}
                  | (You acquired it on level 1 of the Snake Pit)
 30634 | Snake:1  | Identified the Compendium of Bewitchment and Envenoming
                  | (You acquired it on level 1 of the Snake Pit)
 31088 | Snake:1  | Reached skill level 15 in Spellcasting
 31377 | Snake:1  | Found Vaomuext's Magic Scroll Boutique.
 31470 | Snake:1  | Bought a scroll of blinking for 105 gold pieces
 31470 | Snake:1  | Bought a scroll of blinking for 105 gold pieces
 32073 | Snake:2  | Reached XP level 17. HP: 184/184 MP: 36/36
 32362 | Snake:2  | Noticed Donald
 32370 | Snake:2  | Killed Donald
 32371 | Snake:2  | Reached skill level 5 in Maces & Flails
 33675 | Snake:3  | Entered Level 3 of the Snake Pit
 33946 | Snake:3  | Noticed Jorgrun
 33951 | Snake:3  | Killed Jorgrun
 33952 | Snake:3  | Reached skill level 16 in Fighting
 34094 | Snake:3  | Identified Leagong's Grimoire of the Birds and Poison (Sif
                  | Muna gifted it to you on level 3 of the Snake Pit)
 34094 | Snake:3  | Received a gift from Sif Muna
 34373 | Snake:3  | Found Nuicsing's Gadget Shop.
 34374 | Snake:3  | Found Plog's Jewellery Emporium.
 34375 | Snake:3  | Found Oruxux's Gadget Shop.
 34543 | Snake:3  | Bought a box of beasts for 260 gold pieces
 34543 | Snake:3  | Bought a sack of spiders for 390 gold pieces
 34552 | Snake:3  | Bought the ring "Qateuch" {rC+ MR+} for 468 gold pieces
 35582 | Snake:3  | Found Mefocorgh's General Store.
 35731 | Snake:3  | Found a shimmering altar of Xom.
 35783 | Snake:3  | Found a shimmering altar of Xom.
 35860 | Snake:3  | Reached skill level 17 in Fighting
 35982 | Snake:3  | Reached XP level 18. HP: 181/200 MP: 37/37
 36271 | Snake:3  | Found a shimmering altar of Xom.
 36296 | Snake:3  | Found a shimmering altar of Xom.
 36311 | Snake:3  | Found a shimmering altar of Xom.
 36316 | Snake:3  | Found a shimmering altar of Xom.
 36322 | Snake:3  | Found a shimmering altar of Xom.
 36323 | Snake:3  | Got a serpentine rune of Zot
 36577 | Snake:3  | Reached skill level 10 in Transmutations
 36965 | Shoals:1 | Entered Level 1 of the Shoals
 36975 | Lair:4   | Learned a level 6 spell: Aura of Abjuration
 36988 | Lair:4   | Learned a level 6 spell: Summon Hydra
 37187 | Shoals:1 | Identified Xepio's Almanac of Conjuration (Sif Muna gifted
                  | it to you on level 1 of the Shoals)
 37187 | Shoals:1 | Received a gift from Sif Muna
 38413 | Shoals:2 | Noticed Roxanne
 38418 | Shoals:2 | Killed Roxanne
 38430 | Shoals:2 | Identified Roxanne's Catalogue of Transformation (You took
                  | it off Roxanne on level 2 of the Shoals)
 38802 | Shoals:2 | Reached skill level 10 in Maces & Flails
 38873 | Shoals:3 | Entered Level 3 of the Shoals
 39430 | Shoals:3 | Reached skill level 18 in Fighting
 39944 | Shoals:3 | Identified the +3 spear "Rummage" {protect, +Blink rF- MR+}
 39961 | Shoals:3 | Got a barnacled rune of Zot
 40069 | Shoals:3 | Reached XP level 19. HP: 211/211 MP: 38/38
 40707 | Vaults:1 | Entered Level 1 of the Vaults
 40847 | Vaults:1 | HP: 11/274 [dire elephant[an ironheart beastmaster] (5)]
 40852 | Vaults:1 | HP: 13/274 [dire elephant[an ironheart beastmaster] (22)]
 40852 | Vaults:1 | HP: 5/274 [dire elephant[an ironheart beastmaster] (8)]
 40855 | Vaults:1 | Slain by a dire elephant

Skill      XL: |  1  2  3  4  5  6  7  8  9 10 11 12 13 14 15 16 17 18 19 |
---------------+----------------------------------------------------------+-----
Fighting       | 2 3 4 5 10 13 14 15 17 18 | 18.3
Earth Magic    | 3 4 5 7 9 10 11 12 13 14 | 14.3
Spellcasting   | 3 4 5 6 7 10 12 13 14 15 | 15.0
Dodging        | 4 5 |  5.0
Conjurations   | 5 |  5.0
Evocations     | 1 5 6 |  6.8
Summonings     | 3 5 8 9 10 | 10.0
Transmutations | 4 5 6 8 9 10 11 | 11.1
Unarmed Combat | 3 5 |  5.2
Maces & Flails | 4 8 10 11 | 11.1
Stealth        | |  1.5

Action                   |  1- 3 |  4- 6 |  7- 9 | 10-12 | 13-15 | 16-18 | 19-21 || total
-------------------------+-------+-------+-------+-------+-------+-------+-------++-------
Melee: Unarmed           |    51 |     8 |       |       |   533 |   289 |       ||   881
       Dagger            |       |   254 |   175 |   280 |       |       |       ||   709
       Quarterstaff      |       |       |       |    19 |       |       |       ||    19
       Great mace        |       |       |       |    71 |   126 |   568 |    33 ||   798
       Broad axe         |       |       |       |       |   106 |       |       ||   106
       Punch             |       |       |       |       |     4 |    13 |       ||    17
 Fire: Blowgun           |       |       |     4 |     8 |     8 |       |       ||    20
Throw: Tomahawk          |       |       |       |       |    14 |       |       ||    14
 Cast: Sandblast         |    40 |    15 |    42 |    49 |   102 |       |       ||   248
       Stone Arrow       |       |    27 |    70 |   101 |    38 |       |       ||   236
       Petrify           |       |     2 |    15 |    77 |    50 |     1 |       ||   145
       Lee's Rapid Decon |       |       |     5 |    18 |    88 |    50 |     7 ||   168
       Iron Shot         |       |       |       |    11 |    15 |    16 |     2 ||    44
       Statue Form       |       |       |       |       |    40 |     1 |       ||    41
       Summon Forest     |       |       |       |       |     3 |    17 |       ||    20
       Summon Mana Viper |       |       |       |       |       |    15 |       ||    15
       Summon Hydra      |       |       |       |       |       |     4 |       ||     4
Invok: Divine Energy     |       |     1 |       |     1 |     1 |       |       ||     3
Evoke: Wand              |       |       |       |     6 |    16 |     6 |       ||    28
       Phial of floods   |       |       |       |       |     1 |     4 |     1 ||     6
       Box of beasts     |       |       |       |       |       |     1 |       ||     1
       Sack of spiders   |       |       |       |       |       |     2 |       ||     2
       Lamp of fire      |       |       |       |       |       |     1 |     1 ||     2
  Use: Potion            |     4 |     1 |       |     1 |     4 |     7 |     3 ||    20
       Scroll            |       |     5 |     1 |    11 |    21 |    17 |     2 ||    57
 Stab: Sleeping          |     1 |     3 |     1 |       |       |     1 |       ||     6
       Petrified         |       |     8 |    58 |   226 |    71 |       |       ||   363
       Petrifying        |       |       |       |     4 |     3 |       |       ||     7
       Paralysed         |       |       |       |     4 |     8 |       |       ||    12
       Distracted        |       |       |       |       |     1 |     2 |       ||     3
  Eat: Chunk             |     1 |    18 |    20 |    34 |    62 |    58 |     5 ||   198
       Ration            |       |     3 |     2 |     4 |     7 |     9 |       ||    25
Armor: Robe              |    15 |    40 |    35 |   105 |   109 |       |       ||   304
       Skin              |       |       |       |       |   846 |  1626 |    71 ||  2543
Dodge: Dodged            |    44 |   112 |   120 |   182 |   852 |  1374 |    45 ||  2729
Block: Other             |       |       |       |       |       |   121 |     4 ||   125
       Reflection        |       |       |       |       |       |     6 |       ||     6
